 Dungeon Crawl Stone Soup version 0.19-a0-1905-ge8b2aad (webtiles) character file.

595 Duomerus the Covert (level 7, -2/33 HPs)
             Began as a Spriggan Assassin on Oct 21, 2016.
             Was an Initiate of Gozag.
             Slain by a centaur (6 damage)
             ... on level 5 of the Dungeon.
             The game lasted 00:11:47 (6225 turns).

Duomerus the Covert (Spriggan Assassin)             Turns: 6225, Time: 00:11:47

Health: -2/33      AC:  5    Str:  7    XL:     7   Next: 16%
Magic:  8/8        EV: 22    Int: 13    God:    Gozag
Gold:   364        SH:  0    Dex: 24    Spells: 0 memorised, 6 levels left

rFire  . . .     SeeInvis +     a - +2 dagger
rCold  . . .     Gourm    .     c - +0 robe
rNeg   . . .     Faith    .     (shield restricted)
rPois  +         Spirit   .     (helmet restricted)
rElec  .         Reflect  .     d - +0 cloak
rCorr  .         Harm     .     (gloves unavailable)
MR     +....     Clarity  +     (boots unavailable)
Stlth  +++++++...               (no amulet)
                                (no ring)
                                (no ring)

@: agile, very quick
A: unfitting armour, icy blue scales 1, see invisible, clarity, herbivore 3,
speed 3, poison resistance, slow metabolism 2
a: Potion Petition, Call Merchant, Bribe Branch, Renounce Religion


You were on level 5 of the Dungeon.
You worshipped Gozag.
Gozag was aware of your devotion.
You were not hungry.

You visited 1 branch of the dungeon, and saw 5 of its levels.

You collected 424 gold pieces.
You paid 60 gold pieces to Gozag.

Inventory:

Hand Weapons
 a - a +2 dagger (weapon)
 b - a +1 blowgun
Missiles
 e - 3 poisoned needles
Armour
 c - a +0 robe (worn)
 d - a +0 cloak (worn)
Scrolls
 h - a scroll of remove curse
 j - a scroll of recharging
 p - a scroll of identify
Potions
 f - a potion of cure mutation {unknown}
 i - 2 potions of curing
 k - a potion of ambrosia {unknown}
 l - a potion of magic {unknown}
 n - a potion of lignification
 o - a potion of might {unknown}
Comestibles
 g - 2 bread rations


   Skills:
 - Level 1.5 Fighting
 - Level 2.1 Short Blades
 - Level 2.0 Throwing
 - Level 1.5 Dodging
 + Level 12.8 Stealth


You had 6 spell levels left.
You didn't know any spells.

Dungeon Overview and Level Annotations

Branches:
Dungeon (5/15)
 Temple: D:4-7

Altars:
Gozag
Hepliaklqana
Qazlal
Sif Muna

Annotations:
D:3 freekh's ghost, amateur HONe


Innate Abilities, Weirdness & Mutations

You are very small and have problems with some larger weapons.
You are too small for most types of armour.
You have supernaturally acute eyesight. (SInv)
You are a herbivore.
You cover ground extremely quickly.
You need consume almost no food.
You are partially covered in icy blue scales. (AC +2)
You possess an exceptional clarity of mind.
Your system is resistant to poisons. (rPois)


Message History

You barely miss the centaur.
The centaur is heavily wounded.
The centaur hits you!
You hit the centaur but do no damage.
The centaur is heavily wounded.
The centaur closely misses you. The centaur hits you!
* * * LOW HITPOINT WARNING * * *
You are too injured to fight recklessly!
You are too injured to fight recklessly!
You feel better. The centaur barely misses you.
You feel agile all of a sudden. The centaur hits you!
* * * LOW HITPOINT WARNING * * *
The centaur barely misses you.
It was a potion of mutation.
You feel extremely strange.
Icy blue scales grow over part of your body.
Your thoughts seem clearer.
You feel resistant to poisons. The centaur hits you.
You die...
Your body crumbles into a pile of gold.

..
##..#.............#
#.
#..###.........%.#
..####..#
##...........
...##..## ##......#
#....## ##....#..
##..### ##...##
#.....## ##...$#
##......# ##.....#
#..####..##.....@#
..## #........c.#
.## ##..........
.### #.....##.....
...#######.####
.......
...........#
..#.##. #.........#
#.##. #.........#
.# ## #........#


You could see a centaur.

Vanquished Creatures
  Eustachio (D:4)
  An ogre (D:4)
  An orc priest (D:3)
  A centaur skeleton (D:5)
  Jessica (D:3)
  Natasha (twice) (D:4)
  2 worker ants
  5 adders
  3 gnolls (D:4)
  An ooze (D:4)
  6 worms
  4 dart slugs
  2 leopard geckos
  6 orcs
  9 bats
  3 giant cockroaches
  5 hobgoblins
  9 jackals
  9 kobolds
  A ball python (D:3)
  2 frilled lizards (D:1)
  10 goblins
  7 rats
91 creatures vanquished.

Notes
Turn   | Place    | Note
-------+----------+-------------------------------------------
     0 | D:1      | Duomerus the Spriggan Assassin began the quest for the Orb.
     0 | D:1      | Reached XP level 1. HP: 10/10 MP: 2/2
    48 | D:1      | Reached skill level 6 in Stealth
    80 | D:1      | Reached XP level 2. HP: 12/14 MP: 3/3
   450 | D:1      | Reached skill level 7 in Stealth
   809 | D:1      | Reached XP level 3. HP: 18/18 MP: 4/4
  1445 | D:2      | Found a stormy altar of Qazlal.
  1447 | D:2      | Found a deep blue altar of Sif Muna.
  1447 | D:2      | Found a hazy altar of Hepliaklqana.
  1618 | D:2      | Reached skill level 8 in Stealth
  2383 | D:2      | Reached XP level 4. HP: 17/22 MP: 5/5
  2657 | D:3      | Noticed Jessica
  2962 | D:3      | Killed Jessica
  2962 | D:3      | Reached skill level 9 in Stealth
  3124 | D:3      | Found an opulent altar of Gozag.
  3460 | D:3      | Became a worshipper of Gozag Ym Sagoz the Greedy
  3568 | D:3      | Noticed freekh's ghost (amateur HONe)
  3911 | D:2      | Reached XP level 5. HP: 23/25 MP: 6/6
  4062 | D:3      | Reached skill level 10 in Stealth
  5209 | D:4      | Noticed Eustachio
  5218 | D:4      | Killed Eustachio
  5218 | D:4      | Reached skill level 11 in Stealth
  5218 | D:4      | Reached XP level 6. HP: 30/30 MP: 7/7
  5250 | D:4      | Noticed Natasha
  5254 | D:4      | Killed Natasha
  5272 | D:4      | Reached skill level 12 in Stealth
  5515 | D:4      | Noticed Natasha
  5524 | D:4      | Killed Natasha
  6055 | D:4      | Reached XP level 7. HP: 33/33 MP: 8/8
  6148 | D:5      | Entered Level 5 of the Dungeon
  6225 | D:5      | Gained mutation: You are partially covered in icy blue scales. (AC +2) [potion of mutation]
  6225 | D:5      | Gained mutation: You possess an exceptional clarity of mind. [potion of mutation]
  6225 | D:5      | Gained mutation: Your system is resistant to poisons. (rPois) [potion of mutation]
  6225 | D:5      | Slain by a centaur

Vault maps used:
D:1:      elethiomel_arrival_maze
D:2:      minitemple, minivault_23
D:3:      grunt_gozag_breadcrumbs, uniq_jessica
D:4:      serial_shops, shop, first_bread, minmay_close_crescents, uniq_natasha,
          uniq_eustachio
D:5:      minmay_ruined_shrine

Skill      XL: |  1  2  3  4  5  6 |
---------------+-------------------+-----
Stealth        | 6 7 8 9 11 12 | 12.8
Fighting       | |  1.5
Short Blades   | |  2.1
Throwing       | |  2.0
Dodging        | |  1.5

Action                   |  1- 3 |  4- 6 |  7- 9 || total
-------------------------+-------+-------+-------++-------
Melee: Dagger            |   117 |   193 |    12 ||   322
 Fire: Blowgun           |    37 |    20 |       ||    57
  Use: Scroll            |       |    13 |       ||    13
       Potion            |       |     2 |     3 ||     5
 Stab: Sleeping          |     7 |    17 |     1 ||    25
       Distracted        |       |     2 |       ||     2
  Eat: Bread ration      |       |     1 |       ||     1
Armor: Robe              |     9 |    21 |     1 ||    31
Dodge: Dodged            |    86 |   127 |    12 ||   225
